[Event "Titled Tuesday Blitz January 10 Early 2023"]
[White "Paravyan, David"]
[Black "Demin, Vladimir"]
[WhiteFideId "4194985"]
[BlackFideId "4167457"]
[WhiteElo "2601"]
[BlackElo "2430"]
[Result "1-0"]
[Round "02"]
[TimeControl "180+2"]
[Date "2023.01.10"]
[WhiteClock "0:00:47"]
[BlackClock "0:00:01"]

1. e4 Nf6 2. e5 Nd5 3. d4 d6 4. Nf3 dxe5 5. Nxe5 g6 6. Bc4 Be6 7. O-O Nd7 8. Nxd7 Qxd7 9. Bb3 Nb6 10. Bxe6 Qxe6 11. Re1 Qd7 12. c3 Bg7 13. Bg5 f6 14. Be3 O-O 15. Nd2 e5 16. dxe5 fxe5 17. Ne4 Qf7 18. Ng5 Qe7 19. Qb3+ Kh8 20. Rad1 Rae8 21. Ne4 Qf7 22. Qxf7 Rxf7 23. b3 h6 24. h4 Kh7 25. Rd3 Ree7 26. Bxb6 axb6 27. g3 Rd7 28. Red1 Rxd3 29. Rxd3 c6 30. Rd8 Bf8 31. Kg2 Kg7 32. a4 Rc7 33. Kf3 Be7 34. Ra8 Rd7 35. Ke2 Kf7 36. b4 Ke6 37. f3 Rd8 38. Ra7 Rd7 39. a5 Bd8 40. Ra8 Kd5 41. axb6 Kc4 42. Nc5 Rd5 43. Na4 Kb3 44. Ra7 g5 45. h5 Kc2 46. Ke3 g4 47. fxg4 Bg5+ 48. Ke4 Kb3 49. Nc5+ Kxc3 50. Nxb7 Kxb4 51. Na5 Rd8 52. Nxc6+ 1-0


[Site "https://www.chess.com"]

[Event "Titled Tuesday Blitz January 10 Early 2023"]
[White "Shuvalova, Polina"]
[Black "Chigaev, Maksim"]
[WhiteFideId "24171760"]
[BlackFideId "4108116"]
[WhiteElo "2484"]
[BlackElo "2628"]
[Result "0-1"]
[Round "02"]
[TimeControl "180+2"]
[Date "2023.01.10"]
[WhiteClock "0:00:01"]
[BlackClock "0:00:14"]

1. d4 Nf6 2. Nf3 g6 3. c4 Bg7 4. Nc3 O-O 5. e4 d6 6. Be2 e5 7. d5 a5 8. h3 Na6 9. Bg5 Qe8 10. g4 Nd7 11. Rg1 Nb6 12. Nd2 Bd7 13. h4 Nc5 14. h5 h6 15. Be3 g5 16. b3 c6 17. a4 Rc8 18. Bxc5 dxc5 19. Bd3 Na8 20. Nf1 Nc7 21. Ne3 Na6 22. Rc1 Nb4 23. Rg3 Rd8 24. Qe2 Kh8 25. Kf1 Bc8 26. Kg2 Rd6 27. Bb1 Rf6 28. Nf5 Bxf5 29. exf5 e4 30. Re3 cxd5 31. cxd5 Qd8 32. Rd1 Rd6 33. f6 Rxf6 34. Nxe4 Rf4 35. Ng3 Bd4 36. Nf5 Qxd5+ 37. Be4 Qd8 38. Nxd4 cxd4 39. Rg3 Qf6 40. Bb1 Kg7 41. Bf5 Rd8 42. Rf3 d3 43. Qe3 Rdd4 44. Rxf4 gxf4 45. Qf3 d2 46. Qh3 Qb6 47. g5 Qc6+ 48. Kh2 hxg5 49. Qg4 Qh6 50. Bb1 Nc6 51. Qg2 Ne5 52. Rg1 Qxh5+ 53. Qh3 Nf3+ 0-1


[Site "https://www.chess.com"]

[Event "Titled Tuesday Blitz January 10 Early 2023"]
[White "Koellner, Ruben Gideon"]
[Black "Tomashevsky, Evgeny"]
[WhiteFideId "12993093"]
[BlackFideId "4147235"]
[WhiteElo "2426"]
[BlackElo "2694"]
[Result "1/2-1/2"]
[Round "02"]
[TimeControl "180+2"]
[Date "2023.01.10"]
[WhiteClock "0:00:05"]
[BlackClock "0:00:25"]

1. d4 Nf6 2. Bg5 d5 3. e3 c5 4. c3 Qb6 5. Qb3 Nc6 6. Nd2 e5 7. dxe5 Nxe5 8. Bxf6 Qxb3 9. axb3 gxf6 10. Bb5+ Ke7 11. Ngf3 Be6 12. O-O h5 13. Nh4 Bh6 14. g3 Ng6 15. Ndf3 Nxh4 16. Nxh4 Bg5 17. Ng2 f5 18. h4 Bf6 19. Rfd1 Be5 20. Be2 a6 21. Ra5 b6 22. Rxa6 Rxa6 23. Bxa6 Ra8 24. Bb7 Ra2 25. Bxd5 Rxb2 26. Nf4 Bxc3 27. Nxe6 fxe6 28. Bc4 Bd2 29. Ra1 Ba5 30. Rd1 Bc3 31. Kf1 e5 32. Ra1 f4 33. exf4 exf4 34. gxf4 Bd4 35. Re1+ Kd7 36. Re2 Rb1+ 37. Kg2 Bf6 38. Re6 Bxh4 39. Rxb6 Rb2 40. Rh6 Rxf2+ 41. Kh3 Rxf4 42. Rxh5 Bf2 43. Rd5+ Kc6 1/2-1/2


[Site "https://www.chess.com"]

[Event "Titled Tuesday Blitz January 10 Early 2023"]
[White "Eljanov, Pavel"]
[Black "Kim, Yoon-Young"]
[WhiteFideId "14102951"]
[BlackFideId "30908779"]
[WhiteElo "2705"]
[BlackElo "2304"]
[Result "1-0"]
[Round "02"]
[TimeControl "180+2"]
[Date "2023.01.10"]
[WhiteClock "0:00:56"]
[BlackClock "0:00:03"]

1. e4 e5 2. Nf3 Nc6 3. Nc3 Nf6 4. d4 exd4 5. Nxd4 Bb4 6. Nxc6 bxc6 7. Bd3 d5 8. exd5 cxd5 9. O-O O-O 10. h3 c6 11. Qf3 Re8 12. Bf4 a5 13. a3 Bd6 14. Rfe1 Be6 15. Ne2 Bxf4 16. Nxf4 Rb8 17. b3 Rb7 18. Nxe6 fxe6 19. Re5 Qd6 20. Rae1 Qxa3 21. Rxe6 Rbe7 22. Qf5 Rxe6 23. Rxe6 Qc1+ 24. Kh2 Rxe6 25. Qxe6+ Kf8 26. Qd6+ Kf7 27. Qc7+ Kf8 28. Qxc6 Qf4+ 29. Kg1 Qc1+ 30. Bf1 Qd2 31. Qc5+ Kf7 32. f3 d4 33. Qc4+ Ke7 34. Qd3 Qf4 35. c3 dxc3 36. Qxc3 Qf5 37. Qc7+ Kf8 38. Bc4 Nh5 39. Qd8# 1-0


[Site "https://www.chess.com"]

[Event "Titled Tuesday Blitz January 10 Early 2023"]
[White "Dehtiarov, Roman"]
[Black "Vokhidov, Shamsiddin"]
[WhiteFideId "14186640"]
[BlackFideId "14204223"]
[WhiteElo "2289"]
[BlackElo "2586"]
[Result "0-1"]
[Round "02"]
[TimeControl "180+2"]
[Date "2023.01.10"]
[WhiteClock "0:00:04"]
[BlackClock "0:00:07"]

1. e4 c5 2. Nc3 Nc6 3. f4 e6 4. Nf3 d5 5. Bb5 Ne7 6. exd5 Nxd5 7. Qe2 Nxf4 8. Qf2 Bd7 9. O-O Ng6 10. Nd4 Qf6 11. Qxf6 gxf6 12. Nxc6 bxc6 13. Bc4 f5 14. d3 Rg8 15. Be3 Ne5 16. Na4 Ng4 17. Bxc5 Bxc5+ 18. Nxc5 Ke7 19. Rae1 Kd6 20. Nxd7 Kxd7 21. h3 Nf6 22. Kh2 Rg5 23. g4 Rag8 24. Re2 Nxg4+ 25. hxg4 Rxg4 26. Rf3 h5 27. Rh3 h4 28. c3 c5 29. Rf2 Kd6 30. Bb3 R8g7 31. Bd1 Rg1 32. Bb3 R1g3 33. Rxh4 Rxd3 34. Bc4 Rd1 35. Rh3 Rgg1 36. Rd3+ Ke5 37. Rxd1 Rxd1 38. b4 Rc1 39. Re2+ Kf4 40. Rf2+ Ke4 41. Re2+ Kf4 42. Rf2+ Ke3 43. Re2+ Kf3 44. Rg2 cxb4 45. Be2+ Ke3 46. cxb4 f4 47. Bh5 e5 48. Re2+ Kd4 49. Bxf7 f3 50. Rf2 Ke3 51. Rb2 f2 52. Rb3+ Kf4 53. Bh5 f1=Q 54. Rf3+ Qxf3 55. Bxf3 Kxf3 0-1


[Site "https://www.chess.com"]

[Event "Titled Tuesday Blitz January 10 Early 2023"]
[White "Svane, Rasmus"]
[Black "Taboas Rodriguez, Daniel"]
[WhiteFideId "4657101"]
[BlackFideId "2208466"]
[WhiteElo "2623"]
[BlackElo "2371"]
[Result "1/2-1/2"]
[Round "02"]
[TimeControl "180+2"]
[Date "2023.01.10"]
[WhiteClock "0:00:08"]
[BlackClock "0:00:04"]

1. Nf3 Nf6 2. g3 b6 3. Bg2 Bb7 4. O-O g6 5. d4 Bg7 6. c4 O-O 7. Re1 e6 8. Bf4 Re8 9. Qc2 c5 10. dxc5 bxc5 11. Nc3 Nc6 12. Nb5 Nb4 13. Qd1 Be4 14. Nd6 Rf8 15. Nxe4 Nxe4 16. Ne5 d5 17. a3 g5 18. axb4 gxf4 19. Bxe4 dxe4 20. Qxd8 Rfxd8 21. gxf4 cxb4 22. Ra4 a5 23. Rea1 Bxe5 24. fxe5 Rd2 25. e3 Rxb2 26. Rxa5 Rxa5 27. Rxa5 Rc2 28. c5 Rc4 29. Rb5 Kg7 30. c6 Kg6 31. Kg2 Rxc6 32. Rxb4 Kf5 33. Rb5 Rc8 34. Rb7 Rg8+ 35. Kh3 Rg7 36. Rb5 h6 37. Ra5 h5 38. Rb5 Rh7 39. Kh4 Rg7 40. h3 Rh7 41. Ra5 Rg7 42. Ra2 Kxe5 43. Kxh5 Kf5 44. Kh4 e5 45. Rb2 f6 46. Ra2 Rg8 47. Rb2 Rg2 48. Kh5 Rg5+ 49. Kh4 Rg2 50. Kh5 Ke6 51. h4 f5 52. Kh6 f4 53. Rb6+ Kf5 54. exf4 exf4 55. Rb5+ Kf6 56. Rb6+ Kf5 57. Rb5+ Ke6 58. Rb6+ Ke5 59. Rb5+ Kd4 60. Rb4+ Kd3 61. Rb3+ Ke2 62. Rb4 Kf3 63. h5 Rxf2 64. Kg5 Rg2+ 65. Kf5 Rh2 66. Kg5 Rg2+ 67. Kf5 Rh2 68. Kg5 Kg3 69. Rxe4 f3 70. Rg4+ Kf2 71. h6 Ke2 72. Re4+ Kd3 73. Rf4 Ke3 74. Rf6 f2 75. Kg6 Ke2 76. h7 f1=Q 77. Rxf1 Kxf1 78. Kg7 Rxh7+ 79. Kxh7 1/2-1/2


[Site "https://www.chess.com"]

[Event "Titled Tuesday Blitz January 10 Early 2023"]
[White "Han, Yichen"]
[Black "Oparin, Grigoriy"]
[WhiteFideId "1054430"]
[BlackFideId "24125890"]
[WhiteElo "2413"]
[BlackElo "2667"]
[Result "0-1"]
[Round "02"]
[TimeControl "180+2"]
[Date "2023.01.10"]
[WhiteClock "0:00:01"]
[BlackClock "0:00:19"]

1. d4 d6 2. e4 g6 3. Be3 Bg7 4. Qd2 a6 5. a4 Nd7 6. Nc3 e6 7. Nf3 h6 8. Bd3 Ne7 9. O-O g5 10. h3 Ng6 11. Rfe1 O-O 12. Rad1 f5 13. exf5 exf5 14. Bxg5 hxg5 15. Nxg5 Nf6 16. Ne6 Bxe6 17. Rxe6 Qd7 18. Rde1 Qf7 19. Bxf5 Nh4 20. Bd3 Qh5 21. Re7 Rae8 22. Rxc7 Rxe1+ 23. Qxe1 Qg5 24. Qe6+ Kh8 25. g3 Re8 26. Rc8 Rxc8 27. Qxc8+ Ng8 28. Qg4 Qxg4 29. hxg4 Nf3+ 30. Kg2 Nxd4 31. Be4 b5 32. axb5 axb5 33. Nd5 Nf6 34. Nxf6 Bxf6 35. c3 Ne6 36. f4 b4 37. cxb4 Bxb2 38. Bd5 Nc7 39. Bb3 d5 40. Kf3 Kg7 41. b5 Bd4 42. g5 Kg6 43. Bc2+ Kf7 0-1


[Site "https://www.chess.com"]

[Event "Titled Tuesday Blitz January 10 Early 2023"]
[White "Puranik, Abhimanyu"]
[Black "Khamzin, Olzhas"]
[WhiteFideId "5061245"]
[BlackFideId "13701690"]
[WhiteElo "2613"]
[BlackElo "2301"]
[Result "1-0"]
[Round "02"]
[TimeControl "180+2"]
[Date "2023.01.10"]
[WhiteClock "0:01:20"]
[BlackClock "0:00:20"]

1. c4 Nf6 2. Nc3 c5 3. g3 d6 4. Bg2 g6 5. d3 Bg7 6. e3 O-O 7. Nge2 Nc6 8. O-O Bg4 9. h3 Bd7 10. b3 a6 11. Bb2 Rb8 12. Nd5 Nxd5 13. Bxg7 Nxe3 14. fxe3 Kxg7 15. d4 Kg8 16. Qd2 cxd4 17. exd4 e5 18. Rad1 exd4 19. Nxd4 Nxd4 20. Qxd4 Be6 21. Qxd6 Qxd6 22. Rxd6 b5 23. c5 Rfc8 24. Rc1 a5 25. Ra6 a4 26. bxa4 b4 27. Rc2 b3 28. axb3 Rxb3 29. Kh2 Ra3 30. c6 Rc7 31. a5 h5 32. Ra8+ Kg7 33. a6 h4 34. gxh4 Kf6 35. Rb2 Ke5 36. Rb7 Kd6 37. Rd8+ Ke7 38. Rd2 Rxb7 39. cxb7 1-0


[Site "https://www.chess.com"]

[Event "Titled Tuesday Blitz January 10 Early 2023"]
[White "Szpar, Milosz"]
[Black "Gholami Orimi, Mahdi"]
[WhiteFideId "1184989"]
[BlackFideId "12558486"]
[WhiteElo "2447"]
[BlackElo "2420"]
[Result "0-1"]
[Round "02"]
[TimeControl "180+2"]
[Date "2023.01.10"]
[WhiteClock "0:00:05"]
[BlackClock "0:00:06"]

1. e4 c5 2. Nf3 d6 3. d4 cxd4 4. Nxd4 Nf6 5. Nc3 Nc6 6. f3 e5 7. Nb3 Be6 8. Be3 d5 9. exd5 Nxd5 10. Nxd5 Qxd5 11. Qxd5 Bxd5 12. O-O-O O-O-O 13. Bb5 a6 14. Bxc6 Bxc6 15. Na5 Rxd1+ 16. Rxd1 Bb5 17. a4 Bxa4 18. Nc4 Be8 19. Nxe5 f6 20. Nc4 Bc6 21. Bf4 b5 22. Nd6+ Bxd6 23. Rxd6 Kb7 24. Re6 Rd8 25. Re7+ Rd7 26. Rxd7+ Bxd7 27. Bd6 Kc6 28. Bf8 g6 29. Bg7 f5 30. Kd2 Kd5 31. Kd3 b4 32. c4+ Kc6 33. Kd4 a5 34. Bf8 Be8 35. b3 Bf7 36. Be7 Bg8 37. Bd8 a4 38. bxa4 b3 39. Kc3 Bxc4 40. Bf6 Bd5 41. a5 Kb5 42. Bd8 Ka4 43. Kb2 Bc4 44. g3 Bd5 45. f4 Bc4 46. Bb6 Ba6 47. Bc7 Kb4 48. Bb6 Bc4 49. Bc7 Kb5 50. Kc3 Bd5 51. Kb2 Kc4 52. a6 Kd3 53. a7 Ke4 54. Ka3 Kf3 55. Bd8 Kg2 56. Bh4 Kxh2 57. a8=Q Bxa8 58. Kxb3 Kh3 59. Kc3 Kg4 60. Bg5 Kxg3 61. Kd4 Kg4 62. Ke5 Kh5 63. Bd8 h6 64. Be7 Be4 65. Bf8 g5 66. fxg5 hxg5 67. Kd4 Kg4 68. Be7 Bc6 69. Ke3 f4+ 70. Kf2 Kf5 71. Bd8 g4 72. Bh4 Kg6 73. Kg1 g3 74. Bd8 f3 75. Bb6 Kf5 76. Kf1 Ke4 77. Ke1 Kd3 78. Bc5 Kc2 79. Bb6 Kd3 80. Bc5 Bb5 81. Bb6 Ke4 82. Bc5 Kf5 83. Bd6 f2+ 84. Kd2 g2 85. Bh2 f1=Q 86. Bg1 Qxg1 0-1


[Site "https://www.chess.com"]

[Event "Titled Tuesday Blitz January 10 Early 2023"]
[White "Lenderman, Aleksandr"]
[Black "Sokolovsky, Yahli"]
[WhiteFideId "2021285"]
[BlackFideId "2820242"]
[WhiteElo "2572"]
[BlackElo "2461"]
[Result "1-0"]
[Round "02"]
[TimeControl "180+2"]
[Date "2023.01.10"]
[WhiteClock "0:01:43"]
[BlackClock "0:00:06"]

1. Nf3 g6 2. e4 Bg7 3. d4 d6 4. Bd3 c5 5. dxc5 Qa5+ 6. c3 Qxc5 7. O-O Nf6 8. Na3 Nc6 9. Be3 Qh5 10. h3 O-O 11. Re1 Qa5 12. Nd4 Nxd4 13. cxd4 Be6 14. d5 Bd7 15. Nc4 Qd8 16. a4 Bc8 17. Bd4 Nd7 18. Bf1 Ne5 19. Nxe5 Bxe5 20. Bxe5 dxe5 21. Qb3 Qd6 22. Rac1 Bd7 23. a5 b6 24. axb6 axb6 25. Bb5 Bxb5 26. Qxb5 Ra5 27. Qc6 Rc5 28. Qxd6 exd6 29. b4 Rcc8 30. Rc6 b5 31. Rec1 Ra8 32. Rxd6 Ra4 33. Rb1 Rb8 34. Rc6 Kf8 35. Rc7 Ke8 36. Rb3 Rd8 37. Rb7 Rc8 38. Rxb5 Rc2 39. Rb8+ Ke7 40. Rb7+ Kd6 41. Rf3 f5 42. exf5 e4 43. Rf4 gxf5 44. Rxf5 Ra1+ 45. Kh2 Raa2 46. Rb6+ Kc7 47. Re6 Rxf2 48. Rxf2 Rxf2 49. Rxe4 Kd6 50. Rh4 Rf7 51. Rh5 Rb7 52. g4 Ra7 53. Kg3 Rb7 54. Kh4 Rxb4 55. Rxh7 1-0


[Site "https://www.chess.com"]

[Event "Titled Tuesday Blitz January 10 Early 2023"]
[White "Jakubowski, Krzysztof"]
[Black "Keymer, Vincent"]
[WhiteFideId "1112848"]
[BlackFideId "12940690"]
[WhiteElo "2486"]
[BlackElo "2700"]
[Result "0-1"]
[Round "02"]
[TimeControl "180+2"]
[Date "2023.01.10"]
[WhiteClock "0:02:23"]
[BlackClock "0:01:41"]

1. e4 c6 2. Nf3 d5 3. d3 dxe4 4. dxe4 Qxd1+ 5. Kxd1 Nd7 6. a4 g6 7. a5 Bg7 8. Nbd2 Ngf6 9. Bc4 O-O 10. Ke2 Nc5 11. Bd3 Rd8 12. Rb1 Be6 13. b3 Bg4 14. Ba3 Bxf3+ 15. gxf3 Nxd3 16. cxd3 Nh5 17. Bxe7 Nf4+ 18. Ke3 Bh6 19. Bxd8 Rxd8 20. e5 Rxd3+ 21. Ke4 Rxd2 22. Rhd1 Re2+ 23. Kd4 Rxf2 24. Kc5 Bf8+ 0-1


[Site "https://www.chess.com"]

[Event "Titled Tuesday Blitz January 10 Early 2023"]
[White "Djokic, Mihailo"]
[Black "Dvirnyy, Danyyil"]
[WhiteFideId "976440"]
[BlackFideId "817570"]
[WhiteElo "2192"]
[BlackElo "2541"]
[Result "0-1"]
[Round "02"]
[TimeControl "180+2"]
[Date "2023.01.10"]
[WhiteClock "0:00:01"]
[BlackClock "0:00:15"]

1. e4 c5 2. Nf3 d6 3. d4 cxd4 4. Nxd4 Nf6 5. Nc3 a6 6. Rg1 e5 7. Nb3 h5 8. h3 Be6 9. Qf3 Nbd7 10. Be3 Rc8 11. g4 hxg4 12. hxg4 Rxc3 13. bxc3 Qc7 14. Bd2 d5 15. Bd3 Ba3 16. g5 Nxe4 17. Bxe4 dxe4 18. Qxe4 g6 19. Qf3 Rh4 20. Rh1 Rc4 21. Rh8+ Ke7 22. Kf1 Rg4 23. Rh1 Qc4+ 24. Qd3 Qc6 25. Qh3 Qe4 26. Re1 Qf5 27. Qd3 Bc4 28. Rxe5+ Nxe5 0-1


[Site "https://www.chess.com"]

[Event "Titled Tuesday Blitz January 10 Early 2023"]
[White "Bachmann, Axel"]
[Black "Guz, Ari"]
[WhiteFideId "3700488"]
[BlackFideId "2825759"]
[WhiteElo "2604"]
[BlackElo "2324"]
[Result "1-0"]
[Round "02"]
[TimeControl "180+2"]
[Date "2023.01.10"]
[WhiteClock "0:00:14"]
[BlackClock "0:00:17"]

1. e4 Nf6 2. d3 e5 3. Nf3 Nc6 4. g3 d5 5. exd5 Nxd5 6. Bg2 f6 7. O-O Be6 8. Re1 Bc5 9. c3 O-O 10. d4 Bb6 11. c4 Ndb4 12. d5 Bf5 13. Nh4 Bc2 14. Qd2 Nd3 15. Rf1 Nd4 16. Na3 Nxc1 17. Raxc1 Bg6 18. Nxg6 hxg6 19. c5 Ba5 20. Qxa5 Ne2+ 21. Kh1 Nxc1 22. Rxc1 b6 23. Qd2 Rb8 24. d6 bxc5 25. Bd5+ Kh7 26. Rc4 g5 27. Qc2+ g6 28. Rxc5 Qxd6 29. Rxc7+ Kh6 30. Bf3 Rxb2 31. Qxb2 Qxc7 32. Qd2 Rd8 33. Qe3 a6 34. h4 Rd4 35. hxg5+ fxg5 36. Nb1 Kg7 37. Nc3 g4 38. Be4 Qc4 39. Kg2 a5 40. Bb1 Qc6+ 41. Kh2 Qf6 42. Ne4 Qf8 43. Qg5 Rxe4 44. Bxe4 Qxf2+ 45. Bg2 Qf6 46. Qxf6+ Kxf6 47. Be4 g5 48. Kg2 Ke7 49. Kf2 Kd6 50. Ke3 Kc5 51. Bf5 Kb4 52. Bxg4 Ka3 53. Be6 1-0


[Site "https://www.chess.com"]

[Event "Titled Tuesday Blitz January 10 Early 2023"]
[White "Svidler, Peter"]
[Black "Piesik, Piotr"]
[WhiteFideId "4102142"]
[BlackFideId "1136194"]
[WhiteElo "2683"]
[BlackElo "2426"]
[Result "1-0"]
[Round "02"]
[TimeControl "180+2"]
[Date "2023.01.10"]
[WhiteClock "0:00:13"]
[BlackClock "0:00:22"]

1. e4 e6 2. d4 d5 3. e5 c5 4. c3 Nc6 5. Nf3 Bd7 6. Bd3 cxd4 7. cxd4 Qb6 8. O-O Nxd4 9. Nxd4 Qxd4 10. Nc3 Qxe5 11. Re1 Qd6 12. Nb5 Qb8 13. Qf3 Bd6 14. Nxd6+ Qxd6 15. Bf4 Qe7 16. Qg3 f6 17. Bd6 Qf7 18. Rac1 Ne7 19. Rc7 Rd8 20. Rxb7 O-O 21. Rxa7 Rfe8 22. Bc5 Nc6 23. Rc7 Ne5 24. Bf1 Rc8 25. Rxc8 Rxc8 26. b4 Ba4 27. Qe3 Nd7 28. Bd6 e5 29. Qa7 Bc2 30. Qb7 Rc3 31. Qa8+ Nf8 32. b5 d4 33. b6 d3 34. Bb4 Rc4 35. Bxd3 Rxb4 36. Bxc2 Rxb6 37. Bb3 Rxb3 38. axb3 Qxb3 39. h4 Qf7 40. Rc1 g6 41. Qd8 f5 42. g3 e4 43. Rc7 Qe6 44. Qd4 1-0


[Site "https://www.chess.com"]

[Event "Titled Tuesday Blitz January 10 Early 2023"]
[White "Dardha, Daniel"]
[Black "Blanco Ronquillo, Humberto L."]
[WhiteFideId "240990"]
[BlackFideId "3504239"]
[WhiteElo "2631"]
[BlackElo "2442"]
[Result "0-1"]
[Round "02"]
[TimeControl "180+2"]
[Date "2023.01.10"]
[WhiteClock "0:00:01"]
[BlackClock "0:00:26"]

1. d4 d5 2. c4 e6 3. Nf3 Nf6 4. Nc3 Nbd7 5. g4 dxc4 6. g5 Nd5 7. e4 Nxc3 8. bxc3 b6 9. Bxc4 Bb7 10. Qe2 h6 11. g6 Qf6 12. gxf7+ Qxf7 13. d5 exd5 14. exd5+ Qe7 15. Be3 O-O-O 16. Nd4 Nf6 17. Nc6 Qa3 18. O-O Bd6 19. Nxd8 Rxd8 20. Bd4 Nxd5 21. Rfe1 Nf4 22. Qg4+ Kb8 23. Rad1 Qa4 24. Be5 Qc6 25. f3 Qc5+ 26. Kh1 g5 27. Bxf4 Qxc4 28. Rd4 Qxc3 29. Bg3 Bxf3+ 30. Kg1 Bxg4 31. Rxg4 Bxg3 32. Rf1 Bf4 33. Rg2 Qe3+ 34. Kh1 Rd2 35. Rxd2 Qxd2 36. Rxf4 gxf4 37. h4 f3 0-1


[Site "https://www.chess.com"]

[Event "Titled Tuesday Blitz January 10 Early 2023"]
[White "Osmak, Yuliia"]
[Black "Dominguez Perez, Leinier"]
[WhiteFideId "14101602"]
[BlackFideId "3503240"]
[WhiteElo "2440"]
[BlackElo "2739"]
[Result "0-1"]
[Round "02"]
[TimeControl "180+2"]
[Date "2023.01.10"]
[WhiteClock "0:00:02"]
[BlackClock "0:00:42"]

1. e4 Nf6 2. e5 Nd5 3. d4 d6 4. c4 Nb6 5. f4 dxe5 6. fxe5 c5 7. d5 g6 8. Nf3 Bg4 9. Bf4 Bg7 10. Nc3 O-O 11. Bd3 N8d7 12. Qe2 Qb8 13. O-O Nxe5 14. Bxe5 Bxf3 15. Bxb8 Bxe2 16. Nxe2 Raxb8 17. Rab1 Nc8 18. b3 Nd6 19. Ng3 Be5 20. Ne4 Nxe4 21. Bxe4 Bd6 22. Bd3 Kg7 23. a4 h5 24. Rf3 h4 25. Rbf1 Rbd8 26. g4 hxg3 27. hxg3 Be5 28. Kg2 Rd6 29. Bc2 Rf6 30. Rxf6 Bxf6 31. Rh1 Be5 32. Re1 Bd6 33. Rh1 a6 34. Kf3 Rd8 35. Bd3 Be5 36. Be4 Rd6 37. Kg2 Rb6 38. Bc2 Rf6 39. Re1 Bd6 40. Re2 g5 41. Rf2 Rh6 42. Re2 Kf6 43. Rf2+ Kg7 44. Re2 Rh8 45. Rf2 Be5 46. Rf5 f6 47. Rf2 g4 48. Re2 Rh3 49. Re3 Kh6 50. Bf5 Kg5 51. Bc8 b6 52. Bxa6 Bd6 53. Bc8 f5 54. Be6 Kf6 55. Kf2 Rh2+ 56. Kg1 Rb2 57. Rd3 Be5 58. Kf1 Bd4 59. Bd7 Kg5 60. Ke1 f4 61. gxf4+ Kxf4 62. Kf1 g3 63. Bh3 Rb1+ 64. Ke2 Rb2+ 65. Kf1 Rf2+ 66. Ke1 Rh2 67. Bf1 g2 68. Bxg2 Rxg2 69. b4 Ke4 70. Rb3 cxb4 0-1


[Site "https://www.chess.com"]

[Event "Titled Tuesday Blitz January 10 Early 2023"]
[White "Klose, Eli"]
[Black "Molina, Roberto Junio Brito"]
[WhiteFideId "16242955"]
[BlackFideId "2109450"]
[WhiteElo "1519"]
[BlackElo "2403"]
[Result "1/2-1/2"]
[Round "02"]
[TimeControl "180+2"]
[Date "2023.01.10"]
[WhiteClock "0:00:10"]
[BlackClock "0:00:17"]

1. e4 c6 2. Nc3 d5 3. g3 dxe4 4. Nxe4 Bf5 5. Bg2 e6 6. Ne2 Nd7 7. d4 Ngf6 8. N2c3 Be7 9. O-O O-O 10. Re1 Rc8 11. Bf4 Nxe4 12. Nxe4 Nf6 13. Nxf6+ Bxf6 14. c3 Qb6 15. Qb3 Rfd8 16. Be5 Bxe5 17. Rxe5 Rd7 18. Qxb6 axb6 19. a3 Kf8 20. Rae1 h6 21. h4 Ra8 22. Bf3 Bg6 23. Kf1 Ke7 24. h5 Bd3+ 25. Kg2 Kd6 26. g4 Re8 27. Kg3 f6 28. R5e3 Bc4 29. Be4 Ree7 30. Bc2 b5 31. f4 Bd5 32. Bg6 b6 33. g5 c5 34. Rd1 Kc6 35. gxh6 gxh6 36. dxc5 bxc5 37. Rde1 Kd6 38. Rd1 Kc6 39. Rde1 Rg7 40. Kg4 Rd6 41. Kg3 b4 42. cxb4 cxb4 43. Kf2 Rb7 44. Rc1+ Kb6 45. axb4 Ka7 46. f5 Rxb4 47. fxe6 Rxe6 48. Rxe6 Bxe6 49. Rc2 Kb6 50. Ke3 Rh4 51. Rf2 Rh3+ 52. Ke4 Rh4+ 53. Rf4 Rxf4+ 54. Kxf4 Kc5 55. Bf5 Bf7 56. Bg4 Kd6 57. Kf5 Be6+ 58. Kf4 Bb3 59. Bf5 Bd1 60. Bg4 Bc2 61. b4 Kc6 62. Be2 Kb6 63. Ke3 Bf5 64. Kd4 Be6 65. Bf3 Bf7 66. Ke4 Kb5 67. Kf5 Bxh5 68. Bxh5 Kxb4 69. Kxf6 Kc5 70. Kg6 Kd6 71. Kxh6 1/2-1/2


[Site "https://www.chess.com"]

[Event "Titled Tuesday Blitz January 10 Early 2023"]
[White "Xu, Yi"]
[Black "Djokovic, Nebojsa"]
[WhiteFideId "8605564"]
[BlackFideId "938300"]
[WhiteElo "2527"]
[BlackElo "2119"]
[Result "1/2-1/2"]
[Round "02"]
[TimeControl "180+2"]
[Date "2023.01.10"]
[WhiteClock "0:00:19"]
[BlackClock "0:00:06"]

1. e4 e6 2. d4 d5 3. e5 c5 4. c3 Nc6 5. Nf3 Nge7 6. Bd3 cxd4 7. cxd4 Nf5 8. Bxf5 exf5 9. O-O Be7 10. Na3 Be6 11. Nc2 h6 12. Nfe1 O-O 13. Be3 Rc8 14. Nd3 a6 15. g3 b5 16. h4 Na5 17. h5 Nc4 18. Bf4 Qc7 19. Ne3 Nxe3 20. Bxe3 Qc2 21. Rc1 Qxd1 22. Rfxd1 Rfd8 23. Bd2 Rc4 24. Be3 Rdc8 25. b3 Rc2 26. Rxc2 Rxc2 27. Rd2 Rc3 28. Kf1 Kf8 29. Ke2 Ke8 30. Ne1 f4 31. Bxf4 Bg4+ 32. Kf1 Bxh5 33. Rc2 Bb4 34. Be3 Bg6 35. Rxc3 Bxc3 36. Ke2 Bb1 37. a4 bxa4 38. bxa4 Ba2 39. Nd3 Bc4 40. f4 Kd7 41. f5 g6 42. fxg6 fxg6 43. Bf2 Ke6 44. Ke3 Bxd3 45. Kxd3 Bb4 46. g4 h5 47. gxh5 gxh5 48. Bh4 Kf5 49. Ke3 Bc3 50. Kd3 Bb4 51. Ke3 Bf8 52. Kf3 Bh6 53. Ke2 Bf8 54. Kf3 Bb4 55. Ke3 1/2-1/2


[Site "https://www.chess.com"]

[Event "Titled Tuesday Blitz January 10 Early 2023"]
[White "Ibarra Jerez, Jose Carlos"]
[Black "Oro, Faustino"]
[WhiteFideId "2226332"]
[BlackFideId "20000197"]
[WhiteElo "2563"]
[BlackElo "2269"]
[Result "1-0"]
[Round "02"]
[TimeControl "180+2"]
[Date "2023.01.10"]
[WhiteClock "0:01:29"]
[BlackClock "0:00:02"]

1. e4 e5 2. Nf3 Nc6 3. d4 exd4 4. Nxd4 Bc5 5. Nb3 Bb6 6. Qe2 Nf6 7. e5 Nd5 8. c4 Nde7 9. c5 Ba5+ 10. Nxa5 Nxa5 11. Nc3 O-O 12. Bg5 Nac6 13. O-O-O Qe8 14. Nb5 Qd8 15. Qe4 h6 16. Bd3 g6 17. Bxh6 Nf5 18. Bxf8 Qxf8 19. Qd5 d6 20. Nxc7 Nb4 21. Qc4 dxc5 22. Bxf5 Bxf5 23. Nxa8 Be6 24. Qh4 Nxa2+ 25. Kb1 Nb4 26. Rd8 Bf5+ 27. Kc1 Nd3+ 28. Kd2 1-0


[Site "https://www.chess.com"]

[Event "Titled Tuesday Blitz January 10 Early 2023"]
[White "Bodnaruk, Anastasia"]
[Black "Jones, Gawain C B"]
[WhiteFideId "4181751"]
[BlackFideId "409561"]
[WhiteElo "2350"]
[BlackElo "2618"]
[Result "0-1"]
[Round "02"]
[TimeControl "180+2"]
[Date "2023.01.10"]
[WhiteClock "0:00:02"]
[BlackClock "0:00:06"]

1. e4 c5 2. Nc3 Nc6 3. Bb5 Nd4 4. Bc4 e6 5. Nge2 Nf6 6. O-O a6 7. a4 Qc7 8. d3 d6 9. Be3 Nc6 10. f4 Be7 11. Ba2 Nb4 12. Bb3 d5 13. e5 Ng4 14. Bf2 c4 15. dxc4 dxc4 16. Ba2 Nxf2 17. Kxf2 Nxa2 18. Rxa2 Bc5+ 19. Kg3 Bd7 20. Ne4 O-O-O 21. Qe1 f5 22. Nxc5 Qxc5 23. Qc3 Bc6 24. b3 Qd5 25. Rf3 Qd1 26. Rf2 cxb3 27. Qxb3 Kb8 28. Rb2 g5 29. h3 gxf4+ 30. Nxf4 Qg1 31. Qe3 Rhg8+ 32. Kh4 Qh1 33. Nxe6 Rg4+ 34. Kh5 Rc8 35. Ng5 Bxg2 36. e6 Bxh3 37. Nxh3 Rcc4 38. Rf3 Rh4+ 39. Kg5 Rce4 40. Qf2 Qc1+ 41. Kf6 Qxb2+ 0-1


[Site "https://www.chess.com"]

[Event "Titled Tuesday Blitz January 10 Early 2023"]
[White "Msellek, Ilyass"]
[Black "Kadric, Denis"]
[WhiteFideId "675938"]
[BlackFideId "14403803"]
[WhiteElo "2420"]
[BlackElo "2601"]
[Result "0-1"]
[Round "02"]
[TimeControl "180+2"]
[Date "2023.01.10"]
[WhiteClock "0:01:35"]
[BlackClock "0:02:14"]

1. d4 d6 2. Bf4 g6 3. e3 Bg7 4. h4 Nd7 5. h5 e5 6. Bg3 Ngf6 7. h6 Bf8 8. Nf3 e4 9. Nfd2 d5 10. c4 c6 11. Nc3 Nb6 12. cxd5 Nbxd5 13. Ndxe4 Nxe4 14. Nxe4 Bb4+ 15. Nd2 Qg5 16. a3 Bg4 17. Be2 Nxe3 18. fxe3 Bxe2 19. Qxe2 Qxg3+ 20. Kf1 Bxd2 21. Qxd2 O-O-O 22. Rh3 Qg5 23. Rc1 Rhe8 24. Qa5 Qxa5 0-1


[Site "https://www.chess.com"]